AoeStats
← Barón de la Cerveza

Hideout

509679041Analyzed
1v1 RM · 5d ago on Sep 27, 2026· 52m 52s· 2 players
Game mode
Random Map
Map size
Tiny (2 player)
Population
200
Speed
Normal
Resources
Standard
Victory
Conquest
Starting age
Dark Age
Ending age
Imperial Age
RankedLock teamsTeams togetherTeam positionsShared explorationLock speedFull tech treeHidden civsTurbo modeCheats
Victory
Defeat
🇲🇽 Romans · Mexico
1878
+13
🇷🇺 Burgundians · Russia
1802
-13
Kurminog
4:04 Double-Bit Axe
9:33 Feudal Age
9:50 Horse Collar
10:29 Bow Saw
9:52 Man-at-Arms
12:48 Loom
13:06 Heavy Plow
16:00 Wheelbarrow
17:54 Arson
18:07 Gold Mining
22:19 Castle Age
20:47 Fletching
23:02 Padded Archer Armor
22:57 Bodkin Arrow
25:20 Padded Archer Armor
28:51 Stone Mining
41:06 Imperial Age
39:58 Husbandry
40:50 Scale Barding Armor
42:51 Chemistry
41:33 Light Cavalry
42:50 Hand Cart
42:43 Squires
43:12 Ballistics
44:29 Town Watch
Barón de la Cerveza
8:58 Feudal Age
9:20 Loom
9:30 Double-Bit Axe
9:14 Man-at-Arms
17:50 Wheelbarrow
22:16 Castle Age
26:23 Horse Collar
27:13 Scale Barding Armor
32:46 Chain Barding Armor
32:37 Forging
33:31 Bloodlines
35:12 Bow Saw
39:11 Imperial Age
38:23 Iron Casting
38:13 Hand Cart
38:06 Husbandry
38:17 Heavy Plow
38:16 Long Swordsman
38:57 Squires
39:53 Legionary
41:26 Scale Mail Armor
42:26 Blast Furnace
40:59 Capped Ram
43:09 Gold Mining
43:10 Stone Mining
43:45 Conscription
43:23 Siege Ram
45:20 Chain Mail Armor
45:13 Fletching
50:24 Comitatenses
50:05 Spies/Treason
52:56 Town Watch
Connection lost

Rejoining the realm…

Still unreachable

The connection could not be restored.

Session expired

The server has moved on; the page needs a fresh start.